 Dungeon Crawl Stone Soup version 0.30.0-10-gfe55d96785 (webtiles) character file.

Game seed: 9062649084184644612

652 AlfMithra the Shooter (level 7, -6/43 HPs)
             Began as a Kobold Hunter on May 14, 2023.
             Mangled by Duvessa
             ... wielding a +0 short sword
              (14 damage)
             ... on level 4 of the Dungeon.
             The game lasted 00:13:53 (4230 turns).

AlfMithra the Shooter (Kobold Hunter)               Turns: 4230, Time: 00:13:54

Health: -6/43      AC:  5    Str:  8    XL:     7   Next: 84%
Magic:  9/9        EV: 17    Int: 10    God:
Gold:   221        SH:  5    Dex: 27    Spells: 6/6 levels left

rFire   . . .        a - +0 shortbow
rCold   + . .        (shield currently unavailable)
rNeg    + . .        w - +2 leather armour {rC+}
rPois   .            (no helmet)
rElec   .            (no cloak)
rCorr   .            (no gloves)
SInv    .            (no boots)
Will    .....        m - amulet of reflection
Stlth   ++++         i - ring of positive energy
HPRegen 0.27/turn    r - +6 ring of dexterity
MPRegen 0.11/turn

%: reflection
@: hasted, very quick
A: small, no large weapons, nightstalker 3
a: no special abilities


You were on level 4 of the Dungeon.
You visited 1 branch of the dungeon, and saw 5 of its levels.

You collected 221 gold pieces.

Inventory:

Hand Weapons
 a - a +0 shortbow (weapon)
 p - a +2 dagger of electrocution
Armour
 w - a +2 leather armour of cold resistance (worn)
Jewellery
 i - a ring of positive energy (left hand)
 m - an amulet of reflection (around neck)
 r - a +6 ring of dexterity (right hand)
 s - a +6 ring of dexterity
Scrolls
 b - a scroll of immolation
 d - 2 scrolls of fog
 g - 2 scrolls of teleportation
 l - a scroll of amnesia
 o - 2 scrolls of noise
 q - a scroll of brand weapon {unknown}
Potions
 f - a potion of haste
 h - a potion of invisibility {unknown}
 j - a potion of resistance
 k - a potion of heal wounds
 n - a potion of berserk rage
 t - a potion of degeneration
 u - a potion of attraction
 v - a potion of might {unknown}


   Skills:
 + Level 4.2 Fighting
 + Level 7.7 Ranged Weapons
 - Level 0.6 Armour
 + Level 4.5 Dodging
 + Level 4.8 Stealth
 + Level 3.1 Invocations


You had 6 spell levels left.
You didn't know any spells.
Your spell library contained the following spells:

 Spells                   Type           Power      Damage    Failure   Level
 Magic Dart               Conj           0%         1d3       47%         1
 Summon Small Mammal      Summ           0%         N/A       47%         1
 Call Imp                 Summ           0%         N/A       63%         2
 Cigotuvi's Dreadful Rot  Necr/Pois/Air  0%         N/A       63%         2
 Lesser Beckoning         Tloc           0%         N/A       63%         2
 Sublimation of Blood     Necr           0%         N/A       63%         2
 Wereblood                Tmut           0%         N/A       63%         2
 Call Canine Familiar     Summ           0%         N/A       85%         3
 Gell's Gravitas          Tloc           0%         N/A       85%         3
 Mephitic Cloud           Conj/Pois/Air  0%         N/A       85%         3
 Summon Guardian Golem    Hex/Summ       0%         N/A       85%         3
 Teleport Other           Tloc           0%         N/A       85%         3
 Vhi's Electric Charge    Tloc/Air       0%         N/A       85%         3
 Animate Armour           Summ/Erth      0%         N/A       99%         4
 Dispel Undead            Necr           0%         3d6       99%         4
 Arcjolt                  Conj/Air       0%         1d10      100%        5
 Blade Hands              Tmut           0%         N/A       100%        5
 Death Channel            Necr           0%         N/A       100%        6
 Iron Shot                Conj/Erth      0%         9d1       100%        6
 Plasma Beam              Fire/Air       0%         2x1d11    100%        6
 Summon Hydra             Summ           0%         N/A       100%        7


Dungeon Overview and Level Annotations

Branches:
Dungeon (5/15)
 Temple: D:4-7

Altars:
Ashenzari
Kikubaaqudgha
Makhleb
Trog
Vehumet

Annotations:
D:4 Duvessa


Innate Abilities, Weirdness & Mutations

You are small and have problems with some larger weapons.
You are completely attuned to the shadows.


Message History

You block Duvessa's attack.
You shoot an arrow. The arrow hits Duvessa.
Duvessa is lightly wounded.
Duvessa hits you with a +0 short sword.
You are too injured to fight recklessly!
You are too injured to fight recklessly!
You are too injured to fight recklessly!
Fire: a) +0 shortbow
Press: ? - help, Q - select action Shift-Dir - straight line, f/p - Duvessa
Aim: Duvessa, wielding a +0 short sword and wearing a +0 leather armour (lightly wounded, berserk, 73% to hit)
You shoot an arrow. The arrow completely misses Duvessa.
Duvessa hits you with a +0 short sword!
* * * LOW HITPOINT WARNING * * *
Fire: a) +0 shortbow
Press: ? - help, Q - select action Shift-Dir - straight line, f/p - Duvessa
Aim: Duvessa, wielding a +0 short sword and wearing a +0 leather armour (lightly wounded, berserk, 73% to hit)
You shoot an arrow.
The arrow hits Duvessa but does no damage.
Duvessa is lightly wounded.
Duvessa hits you with a +0 short sword.
* * * LOW HITPOINT WARNING * * *
Fire: a) +0 shortbow
Press: ? - help, Q - select action Shift-Dir - straight line, f/p - Duvessa
Aim: Duvessa, wielding a +0 short sword and wearing a +0 leather armour (lightly wounded, berserk, 73% to hit)
You shoot an arrow. The arrow barely misses Duvessa.
Duvessa hits you with a +0 short sword.
* * * LOW HITPOINT WARNING * * *
You block Duvessa's attack.
Duvessa rages.
Duvessa rages.
Duvessa attacks as you move away! You block Duvessa's attack.
Duvessa rages.
You hear a shout!
Duvessa attacks as you move away! Duvessa hits you with a +0 short sword.
* * * LOW HITPOINT WARNING * * *
Duvessa rages.
Duvessa attacks as you move away! You block Duvessa's attack.
Duvessa rages.
Duvessa attacks as you move away! Duvessa hits you with a +0 short sword!
You die...

####.#######......#
#....# #.######
#.#### #.#...)#
####.# #.#.##[#
.....# #.#..#.#
###..## #.##.#.#
##.).## #....#.#
##.....## ######.#
#.......# #.@....#
........# #e######
#..<....# #.#....#
##....<## #.#.##.#
##...## #.#..#.#
#.### #.##.#.#
###.# #....#.#
....# ######.#
..>.# #.#


You could see Duvessa (berserk).

Vanquished Creatures
  Sigmund (D:3)
  An ogre (D:4)
  A phantom (D:5)
  Dowan (D:4)
  An orc priest (D:4)
  A hound (D:4)
  Jessica (D:3)
  A sleepcap (D:5)
  An orc wizard (D:4)
  4 adders
  An ufetubus (D:4)
  3 worms
  14 orcs
  5 ball pythons
  6 endoplasms
  3 giant cockroaches
  5 goblins
  4 hobgoblins
  6 jackals
  2 quokkas
  8 bats
  5 frilled lizards
  3 kobolds
  7 rats
85 creatures vanquished.

Notes
Turn   | Place    | Note
-------+----------+-------------------------------------------
     0 | D:1      | AlfMithra the Kobold Hunter began the quest for the Orb.
     0 | D:1      | Reached XP level 1. HP: 12/12 MP: 1/1
   472 | D:1      | Reached XP level 2. HP: 18/18 MP: 2/2
  1006 | D:2      | Reached skill level 6 in Ranged Weapons
  1026 | D:2      | Reached XP level 3. HP: 22/22 MP: 3/3
  1334 | D:2      | Found an ancient bone altar of Kikubaaqudgha.
  1508 | D:2      | Identified the +4 mace of the Threshing Gods {venom, rF+}
  1526 | D:2      | Reached XP level 4. HP: 23/27 MP: 4/4
  2273 | D:3      | Noticed Jessica
  2274 | D:3      | Killed Jessica
  2292 | D:3      | Noticed Sigmund
  2299 | D:3      | Killed Sigmund
  2300 | D:3      | Reached skill level 7 in Ranged Weapons
  2300 | D:3      | Reached skill level 1 in Invocations
  2300 | D:3      | Reached XP level 5. HP: 32/32 MP: 4/6
  2300 | D:3      | Reached XP level 6. HP: 37/37 MP: 4/7
  2671 | D:3      | Found a bloodstained altar of Trog.
  3105 | D:3      | Found a burning altar of Makhleb.
  3105 | D:3      | Found a broken altar of Ashenzari.
  3549 | D:4      | Noticed an ogre
  3565 | D:4      | Killed an ogre
  3566 | D:4      | Reached XP level 7. HP: 23/42 MP: 8/8
  3692 | D:4      | You fall into a shaft and drop 1 floor!
  3692 | D:5      | Entered Level 5 of the Dungeon
  3692 | D:5      | Found a radiant altar of Vehumet.
  4147 | D:4      | Noticed Dowan
  4169 | D:4      | Killed Dowan
  4189 | D:4      | Noticed Duvessa
  4230 | D:4      | Mangled by Duvessa

Illustrated notes

Levels and vault maps discovered:
D:1:      matt_arrival_los_fun, layout_basic, minmay_misc_feat_secret_circle,
          reono_crystal_passage
D:2:      layout_loops_corners, basic_altar, minmay_misc_feat_alley,
          hangedman_abyss_or_decor_lesser_grid
D:3:      layout_loops_corners, trog_book, gammafunk_temple_overflow_pools,
          kennysheep_jessica_study, uniq_sigmund, uniq_jessica
D:4:      layout_loops_ring, kennysheep_vampire_church, patterned_corridor,
          uniq_duvessa
D:5:      layout_rooms, overflow_temple_1_default, xom_teletrap_fun

Skill      XL: |  1  2  3  4  5  6  7 |
---------------+----------------------+-----
Ranged Weapons | 6 7 |  7.7
Stealth        | 3 4 |  4.8
Fighting       | 3 4 |  4.2
Dodging        | 3 4 |  4.5
Invocations    | 1 2 3 |  3.1
Armour         | |  0.6

Action                     |  1- 3 |  4- 6 |  7- 9 || total
---------------------------+-------+-------+-------++-------
   Fire: Shortbow          |    82 |   112 |    64 ||   258
    Use: Scroll            |     3 |       |     7 ||    10
         Potion            |       |       |     2 ||     2
 Armour: Leather armour    |    16 |     8 |     2 ||    26
  Dodge: Dodged            |    43 |    52 |    27 ||   122
  Block: Other             |       |     8 |    15 ||    23
         Reflection        |       |       |     2 ||     2
